Map: Ruines de Seras

Players

barokHD - Winner!

  • Race: Protoss Protoss
  • League: Diamond

Pandora

  • Race: Terran Terran
  • League: Platinum

VOD

Have the link to the VOD?

Description

Time

  • Played on: Jan. 27, 2016, 12:09 p.m.
  • Length: 9:41
Show
View Real Time Build Order
Export as new Build Order

barokHD Protoss - Winner!

Build Orders: 1 Gate Expand, Oracle Opening 

Get SALT Encoding   

  12  0:01  Probe (Chrono Boost)  
  13  0:11  Probe (Chrono Boost)  
  14  0:18  Pylon  
  14  0:23  Probe (Chrono Boost)  
  15  0:36  Probe (Chrono Boost)  
  15  0:39  Gateway  
  16  0:46  Probe (Chrono Boost)  
  16  0:47  Assimilator  
  18  0:57  Probe (Chrono Boost)  
  18  1:07  Probe (Chrono Boost)  
  19  1:18  Probe (Chrono Boost)  
  20  1:26  Nexus  
  20  1:38  Cybernetics Core  
  21  1:40  Probe (Chrono Boost)  
  21  1:46  Assimilator  
  21  1:50  Probe (Chrono Boost)  
  22  1:56  Pylon  
  22  2:01  Probe (Chrono Boost)  
  23  2:14  Probe (Chrono Boost)  
  24  2:16  Adept  
  24  2:17  Warp Gate  
  26  2:25  Probe (Chrono Boost)  
  27  2:36  Probe (Chrono Boost)  
  28  2:37  Stargate  
  28  2:42  Probe (Chrono Boost)  
  29  2:46  Probe (Chrono Boost)  
  30  2:54  Probe (Chrono Boost)  
  30  2:57  Probe (Chrono Boost), Pylon  
  32  3:04  Mothership Core (Chrono Boost)  
  34  3:07  Probe (Chrono Boost)  
  34  3:11  Adept  
  37  3:18  Probe (Chrono Boost)  
  38  3:20  Oracle (Chrono Boost)  
  38  3:21  Probe (Chrono Boost)  
  42  3:29  Probe  
  42  3:32  Probe  
  44  3:41  Probe  
  44  3:42  Probe  
  46  3:53  Probe x2  
  48  3:59  Oracle (Chrono Boost)  
  49  4:03  Probe  
  49  4:05  Gateway, Probe  
  49  4:07  Gateway  
  51  4:11  Gateway  
  51  4:13  Robotics Facility  
  51  4:14  Probe  
  51  4:15  Assimilator  
  52  4:19  Probe, Pylon, Assimilator  
  53  4:24  Probe  
  54  4:46  Pylon  
  54  4:48  Pylon  
  54  4:50  Pylon  
  51  4:57  Probe  
  51  4:58  Probe  
  49  5:06  Immortal  
  53  5:07  Probe  
  53  5:10  Probe  
  53  5:13  Stalker x2  
  53  5:14  Stalker x2  
  61  5:18  Probe  
  64  5:34  Nexus  
  64  5:38  Pylon  
  64  5:46  Immortal  
  64  5:48  Twilight Council  
  64  5:49  Probe  
  68  5:50  Forge  
  68  5:51  Probe  
  68  5:54  Sentry  
  68  5:55  Sentry  
  74  6:00  Probe  
  75  6:13  Zealot x2  
  75  6:14  Probe, Charge  
  75  6:15  Probe  
  75  6:18  Pylon  
  78  6:23  Protoss Ground Weapons Level 1 (Chrono Boost)  
  78  6:26  Probe  
  78  6:28  Probe  
  80  6:33  Immortal  
  84  6:40  Probe  
  84  6:42  Pylon  
  84  6:44  Pylon  
  85  6:52  Adept x4  
  93  6:54  Probe  
  93  6:55  Probe  
  93  6:56  Probe  
  96  7:06  Probe  
  96  7:08  Probe  
  98  7:12  Immortal, Gateway  
  102  7:16  Gateway  
  102  7:22  Templar Archives  
  102  7:24  Photon Cannon  
  102  7:29  Probe x2, Photon Cannon  
  104  7:36  Adept x3  
  110  7:45  Pylon  
  110  7:47  Pylon  
  110  7:48  Adept  
  112  7:53  Probe  
  112  7:54  Immortal, Probe x2  
  119  8:00  Resonating Glaives  
  119  8:07  Zealot x3  
  119  8:11  Assimilator  
  125  8:12  Assimilator  
  125  8:17  Zealot x2  
  125  8:18  Zealot  
  125  8:19  Probe  
  131  8:21  Probe x2  
  134  8:28  Zealot  
  134  8:29  Zealot x2  
  130  8:45  Pylon  
  130  8:46  Photon Cannon  
  130  8:53  Pylon, Photon Cannon  
  130  8:54  Zealot x4  
  130  8:55  Zealot  
  132  9:16  Stalker x6  
  126  9:25  Probe  
  126  9:26  Probe x2  
Show
View Real Time Build Order
Export as new Build Order

Pandora Terran 

Build Orders: MMM Bio 

Get SALT Encoding   

  12  0:00  SCV  
  13  0:12  SCV  
  14  0:18  Supply Depot  
  14  0:24  SCV  
  15  0:39  SCV  
  15  0:41  Barracks  
  16  0:51  SCV  
  17  1:03  SCV  
  18  1:16  Command Center  
  18  1:28  Orbital Command  
  18  1:30  Marine  
  19  1:43  Supply Depot  
  19  1:48  Refinery, Marine  
  20  1:56  SCV  
  20  2:00  Refinery  
  21  2:06  Marine  
  21  2:08  SCV  
  23  2:11  Bunker  
  23  2:20  SCV  
  24  2:24  Marine  
  25  2:30  Orbital Command  
  25  2:32  SCV  
  26  2:40  Factory  
  26  2:47  SCV  
  27  2:55  SCV  
  28  3:04  SCV  
  28  3:05  Barracks Tech Lab  
  28  3:08  SCV  
  29  3:12  Barracks  
  29  3:16  SCV  
  30  3:20  SCV  
  31  3:28  SCV  
  31  3:30  Marine  
  31  3:32  SCV  
  34  3:37  Cyclone  
  34  3:40  SCV  
  38  3:44  SCV  
  37  3:48  Marine  
  38  4:00  Barracks Tech Lab  
  38  4:03  SCV x2  
  38  4:06  Marine  
  38  4:08  Supply Depot  
  38  4:09  Cyclone  
  44  4:15  SCV  
  45  4:18  SCV  
  45  4:21  Stimpack, Starport, Barracks  
  45  4:22  Barracks x2  
  47  4:31  SCV x2  
  47  4:32  Refinery  
  47  4:33  Refinery  
  43  4:40  Marine x2  
  43  4:43  SCV  
  41  4:51  SCV  
  42  4:55  SCV  
  42  4:58  Marine  
  44  5:03  SCV  
  42  5:14  Marine  
  42  5:16  Marine  
  42  5:17  Siege Tank  
  47  5:24  SCV x2  
  49  5:36  Barracks Reactor, SCV  
  49  5:42  Medivac  
  52  5:46  SCV  
  52  5:48  SCV, Engineering Bay  
  54  5:55  Supply Depot, Marine x3  
  54  5:56  Marine  
  58  5:58  SCV  
  58  6:00  SCV  
  60  6:09  Siege Tank  
  61  6:15  SCV  
  61  6:17  SCV  
  63  6:19  Supply Depot  
  63  6:21  Supply Depot  
  63  6:34  SCV x2  
  63  6:39  Medivac x2  
  69  6:46  SCV x2, Missile Turret  
  71  6:49  Barracks Reactor x2, Barracks Tech Lab  
  71  6:50  Barracks Tech Lab  
  71  6:56  Liberator x2  
  71  6:58  SCV  
  71  6:59  SCV  
  71  7:00  Combat Shields  
  73  7:01  Marine  
  74  7:10  SCV  
  74  7:14  Siege Tank  
  74  7:15  Marine x2  
  86  7:26  Marine  
  86  7:28  Supply Depot  
  86  7:29  Supply Depot  
  86  7:33  Marine x2  
  86  7:36  Marine x4  
  92  7:43  Terran Infantry Weapons Level 1  
  92  7:44  Marine  
  92  7:47  Supply Depot  
  92  7:49  Supply Depot  
  92  7:50  Siege Tank, Marine  
  97  7:52  Marauder  
  97  7:54  Liberator  
  97  7:58  Marine  
  99  8:02  Marine x4  
  99  8:03  Medivac  
  109  8:19  Marine x3  
  111  8:28  Marine x4  
  111  8:33  Medivac  
  117  8:37  Marauder  
  114  8:42  Marauder, Marine  
  114  8:46  Marine x2  
  114  8:47  Marauder  
  121  8:59  Marine  
  121  9:00  Marine x2  
  124  9:03  Marine  
  124  9:04  Marine  
  125  9:16  Marine x2  
  115  9:17  Marine  
Tags
 
Add a new tag
Caveats
  • Supply blocks, unpowered buildings, or Contaminate may cause inaccurate times.
  • Supply counts are checked every 10 seconds.